 Dungeon Crawl Stone Soup version 0.20.1-1-g8b1a95d (console) character file.

146283 hilaritas the Warrior (level 16, -1/163 HPs)
             Began as a Deep Dwarf Fighter on Feb 15, 2018.
             Was the Champion of Makhleb.
             Slain by a merfolk impaler
             ... wielding a +2 demon trident of electrocution
              (7 damage)
             ... on level 4 of the Shoals on Feb 16, 2018.
             The game lasted 01:53:08 (24179 turns).

hilaritas the Warrior (Deep Dwarf Fighter)         Turns: 24179, Time: 01:53:09

Health: -1/163     AC: 26    Str: 31    XL:     16   Next: 89%
Magic:  14/14      EV: 14    Int:  7    God:    Makhleb [******]
Gold:   500        SH: 18    Dex: 19    Spells: 8/15 levels left

rFire    + + +     SeeInvis +   D - +4 scimitar (flame)
rCold    + + .     Gourm    .   j - +3 shield
rNeg     + . .     Faith    +   R - +3 chain mail {rC+}
rPois    .         Spirit   .   A - +2 helmet of the Raven {rF++ Regen+ Int-2}
rElec    .         Reflect  .   E - scarf {rC+ rF+}
rCorr    .         Harm     .   a - +2 pair of gloves
MR       ++...     Clarity  +   O - +2 pair of boots {run}
Stlth    ..........             l - amulet of faith
Regen    0.0/turn               P - ring of see invisible
MPRegen  0.2/turn               q - ring of Soinex {Wiz rF+ Str+4 Dex+7}

@: non-regenerating, quick
A: damage resistance, heal wounds, clarity, negative energy resistance 1, sense
surroundings 2, no regeneration
a: Heal Wounds, Minor Destruction, Lesser Servant of Makhleb, Major Destruction,
Greater Servant of Makhleb, Renounce Religion


You were on level 4 of the Shoals.
You worshipped Makhleb.
Makhleb was exalted by your worship.
You were not hungry.

You visited 5 branches of the dungeon, and saw 28 of its levels.
You also visited: Labyrinth.

You collected 2867 gold pieces.
You spent 2367 gold pieces at shops.

Inventory:

Hand Weapons
 D - a +4 scimitar of flaming (weapon)
Missiles
 m - 67 tomahawks (quivered)
 I - 8 javelins
 S - 4 exploding tomahawks
Armour
 a - a +2 pair of gloves (worn)
 j - a +3 shield (worn)
 A - the +2 helmet of the Raven (worn) {rF++ Regen+ Int-2}
   (You found it in a labyrinth)

   It affects your intelligence (-2).
   It greatly protects you from fire.
   It increases your rate of regeneration.
 E - a scarf of resistance (worn)
 O - a +2 pair of boots of running (worn)
 R - a +3 chain mail of cold resistance (worn)
Jewellery
 k - a +5 ring of strength
 l - an amulet of faith (around neck)
 q - the ring of Soinex (right hand) {Wiz rF+ Str+4 Dex+7}
   (You found it on level 10 of the Dungeon)

   [ring of wizardry]

   It improves your spell success rate.
   It affects your strength (+4).
   It affects your dexterity (+7).
   It protects you from fire.
 t - an uncursed ring of flight
 w - the ring "Keodigut" {rPois MR+}
   (You found it on level 4 of the Shoals)

   [ring of protection from magic]

   It protects you from poison.
   It affects your resistance to hostile enchantments.
 P - a ring of see invisible (left hand)
 U - an uncursed ring of resist corrosion
Wands
 d - a wand of digging (7/24)
 x - a wand of flame (15/48)
 B - a wand of iceblast (10/15)
 F - a wand of disintegration (10/24)
 J - a wand of lightning (9/15)
 K - a wand of scattershot (7/9)
Scrolls
 c - 4 scrolls of identify
 e - 2 scrolls of brand weapon
 i - 12 scrolls of remove curse
 y - 4 scrolls of teleportation
 L - 2 scrolls of holy word
 Q - 6 scrolls of enchant armour
 T - a scroll of magic mapping
 W - 2 scrolls of blinking
 X - 5 scrolls of enchant weapon
 Y - a scroll of recharging
 Z - a scroll of fog
Potions
 b - 2 potions of haste
 g - 6 potions of flight
 h - 9 potions of curing
 p - a potion of heal wounds
 r - 2 potions of mutation
 s - 3 potions of cancellation
 z - 3 potions of invisibility
 C - a potion of resistance
 G - 2 potions of might
 H - 6 potions of brilliance
 M - a potion of berserk rage
 V - 4 potions of agility
Miscellaneous
 u - a phial of floods
 N - a lightning rod (4/4)
Comestibles
 f - 11 bread rations
 o - 12 royal jellies
 v - 12 meat rations


   Skills:
 * Level 15.1 Fighting
 - Level 14.0 Long Blades
 + Level 12.2 Armour
 - Level 7.0 Dodging
 - Level 15.0 Shields
 - Level 15.0 Invocations
 - Level 3.1 Evocations


You had 8 spell levels left.
You knew the following spells:

 Your Spells              Type           Power        Failure   Level  Hunger
a - Swiftness             Chrm/Air       #.......     65%         2    ###....
b - Blink                 Tloc           N/A          65%         2    ###....
c - Gell's Gravitas       Tloc           #.........   86%         3    ####...


Dungeon Overview and Level Annotations

Branches:
Dungeon (15/15)            Temple (1/1) D:5            Lair (6/6) D:8
 Shoals (4/4) Lair:2       Spider (0/4) Lair:2        Slime (0/5) Lair:5
    Orc (2/2) D:9             Elf (0/3) Orc:2        Vaults (0/5) D:13
 Depths (0/5) D:15

Altars:
Ashenzari
Cheibriados
Dithmenos
Elyvilon
Fedhas
Gozag
Hepliaklqana
Kikubaaqudgha
Makhleb
Nemelex Xobeh
Okawaru
Qazlal
Ru
Sif Muna
Trog
Uskayaw
Vehumet
Xom
Yredelemnul
Zin
The Shining One
Beogh

Shops:
D:7 *   D:13 %   Orc:1 *??=%   Orc:2 *:![*

Portals:
Pandemonium: Orc:2
Trove: D:14 (give 6 scrolls of blinking)

Annotations:
Shoals:4 Ilsuiw


Innate Abilities, Weirdness & Mutations

You are resistant to damage.
You can heal yourself by infusing magical energy.
You resist negative energy. (rN+)
You passively map the area around you.
You do not regenerate.
You possess an exceptional clarity of mind.


Message History

* * * LOW HITPOINT WARNING * * *
The wave splashes down.
Splash!
You fall into the shallow water.
Moving in this stuff is going to be slow.
You block Ilsuiw's attack.
You hear a shout!
You hear an angry hiss.
You hear a shout! x3
You hear an angry hiss.
You hear a shout!
You block the merfolk aquamancer's attack.
All of the chunks of flesh in your inventory have rotted away.
The merfolk aquamancer closely misses you.
Ilsuiw closely misses you.
A demon appears!
The merfolk impaler hits you from afar with a trident of freezing!
* * * LOW HITPOINT WARNING * * *
Ilsuiw closely misses you.
You block the merfolk aquamancer's attack.
Unknown command.
The merfolk impaler hits you from afar with a demon trident of electrocution!
You die...

≈≈ ≈ ≈m#≈≈.#....≈≈....≈≈≈≈≈≈≈
≈≈≈* ≈≈≈m .#m.≈≈≈≈...≈≈≈≈≈≈≈
#....#m..≈..m.≈≈P≈≈≈≈.. ≈ ≈≈
####...........≈≈≈≈≈≈.#
...............≈≈≈<÷).. ≈ ≈
................≈≈.≈≈.. *
,....#####........≈≈≈.≈. * *≈
≈ ...##2≈≈##.......≈≈≈... ..
#..≈m†#.........≈≈≈.
,...,#..mmm)≈........≈.≈. ,
.≈.)#..@.)#.........≈≈≈.
..≈≈≈##...##......≈≈≈≈≈≈≈ ,
#..≈.≈≈#####≈≈.....≈≈≈≈≈≈. ,
##.≈≈≈≈≈≈≈≈≈≈≈≈......≈≈≈≈≈.
...≈≈≈≈≈≈≈†≈..≈≈.....≈≈≈≈≈≈.
≈
..≈≈≈≈≈≈≈≈≈≈.........≈≈≈≈≈≈.
≈
≈..≈≈≈≈≈≈≈≈≈≈.......≈≈≈≈≈≈..
≈≈.≈≈≈≈≈≈≈≈.........≈≈≈≈≈..^.
≈ ≈
≈≈.≈≈≈≈.......####.≈≈≈≈##...
≈...≈≈.≈......## #..≈≈.###..
≈
...≈≈..........###.≈≈..###..


You could see Ilsuiw (invisible), 2 merfolk impalers, a merfolk aquamancer and a
friendly balrug.

Vanquished Creatures
  Rupert (D:12)
  Gastronok (D:10)
  Roxanne (D:14)
  The ghost of miragecloak the Black Belt, a journeyman OpTm of Ashenzari (D:12)
  Azrael (D:15)
  3 minotaurs
  2 merfolk impalers
  A yaktaur captain (D:15)
  Josephine (D:12)
  4 ogre magi
  2 hydras
  A merfolk avatar (Shoals:3)
  A rakshasa (D:14)
  3 vault guards (D:13)
  2 catoblepae
  5 centaur warriors
  A merfolk aquamancer (Shoals:4)
  An alligator snapping turtle (Shoals:4)
  10 two-headed ogres
  Erica (D:9)
  A deep troll shaman (Lair:6)
  15 death yaks
  Urug (D:11)
  3 orc high priests (Orc:2)
  Sonja (D:12)
  Nergalle (D:11)
  A sixfirhy (Orc:2)
  5 skeletal warriors (D:14)
  9 sea snakes
  7 unseen horrors
  A deep elf archer (D:13)
  Pikel (D:7)
  4 orc knights
  A lindwurm (Lair:6)
  5 ugly things
  15 harpies
  13 manticores
  4 cyclopes
  3 orc sorcerers
  A deep elf mage (D:15)
  A manticore (shapeshifter) (D:13)
  8 fauns
  13 elephants
  A centaur zombie (D:15)
  Joseph (D:9)
  4 water nymphs
  2 black mambas
  2 merfolk sirens
  An orange demon (Orc:2)
  14 spiny frogs
  11 yaktaurs
  5 komodo dragons
  3 rime drakes
  A tengu conjurer (D:13)
  6 trolls
  12 merfolk
  3 wind drakes (Shoals:1)
  2 slime creatures (D:5)
  3 polar bears (Lair:6)
  5 blink frogs (Lair:4)
  4 dream sheep (Shoals:4)
  10 hippogriffs
  6 snapping turtles
  Sigmund (D:5)
  5 wraiths (D:12)
  A water elemental (Shoals:2)
  2 shadows (D:11)
  52 yaks
  2 fire elementals (D:15)
  A human (D:13)
  A basilisk (Lair:3)
  3 vampire mosquitoes (D:15)
  7 hungry ghosts
  A steam dragon (D:14)
  A warg (Orc:1)
  A soldier ant (D:11)
  7 hell hounds
  Duvessa (D:5)
  16 water moccasins
  32 orc warriors
  9 porcupines
  A slave (D:7)
  An ice beast (D:4)
  5 black bears
  2 phantoms
  8 sky beasts
  An eye of draining (D:13)
  A necrophage (D:11)
  4 boggarts (D:15)
  17 ogres
  16 wolves
  14 centaurs
  The ghost of Folque the Magician, an amateur OpWz (D:3)
  11 crocodiles
  7 big kobolds
  16 bullfrogs
  A gnoll sergeant (D:9)
  A wyvern zombie (D:10)
  Dowan (D:5)
  A wyvern skeleton (D:12)
  5 scorpions
  5 killer bees (D:11)
  10 wights
  10 howler monkeys
  5 electric eels
  9 crimson imps
  A quasit (D:8)
  3 bullfrog skeletons (D:10)
  2 bullfrog zombies
  2 hounds
  14 jellies
  Crazy Yiuf (D:6)
  20 orc priests
  24 orc wizards
  2 centaur skeletons (D:8)
  6 iguanas
  16 worker ants
  3 hound skeletons
  A howler monkey zombie (D:3)
  2 worker ant zombies
  23 gnolls
  6 adders
  A shadow imp (D:9)
  5 oozes
  A worm (D:6)
  3 dart slugs (D:1)
  2 leopard geckos
  75 orcs
  4 giant cockroaches
  8 goblins
  5 hobgoblins
  12 jackals
  4 quokkas
  A ball python (D:2)
  3 bats (D:1)
  4 frilled lizards
  25 kobolds
  A leopard gecko skeleton (D:8)
  A quokka zombie (D:7)
  6 rats
  A butterfly (D:5)
837 creatures vanquished.

Vanquished Creatures (collateral kills)
  The ghost of Britaniac the Bludgeoner, an adept OgFi of Okawaru (Shoals:4)
  Polyphemus (Shoals:4)
  4 orc high priests (Orc:2)
  A sixfirhy (Orc:2)
  A torturous demonspawn (Orc:2)
  An infernal demonspawn (Orc:2)
  2 harpies (Shoals:4)
  4 orc knights
  3 orc sorcerers (Orc:2)
  A manticore (Shoals:4)
  An orange demon (Orc:2)
  A smoke demon (Orc:2)
  A hellwing (Orc:2)
  A troll (D:15)
  4 merfolk (Shoals:4)
  A dream sheep (Shoals:4)
  A snapping turtle (Shoals:4)
  A water elemental (Shoals:4)
  2 wargs (Orc:2)
  8 orc warriors (Orc:2)
  A necrophage (D:15)
  8 orc priests
  2 orc wizards
  13 orcs
64 creatures vanquished.

Vanquished Creatures (others)
  An unseen horror (D:15)
  An iguana (D:7)
  A gnoll (D:11)
  An orc (Orc:2)
  A quokka (D:7)
  A leopard gecko zombie (D:7)
  3 fungi
  2 plants
  8 toadstools (D:5)
19 creatures vanquished.

Grand Total: 920 creatures vanquished

Notes
Turn   | Place    | Note
-------+----------+-------------------------------------------
     0 | D:1      | hilaritas the Deep Dwarf Fighter began the quest for the Orb.
     0 | D:1      | Reached XP level 1. HP: 20/20 MP: 1/1
   228 | D:1      | Reached XP level 2. HP: 21/27 MP: 2/2
   460 | D:1      | Reached XP level 3. HP: 21/33 MP: 3/3
  1555 | D:3      | Noticed Folque's ghost (amateur OpWz)
  1576 | D:3      | Reached XP level 4. HP: 13/40 MP: 4/4
  1582 | D:3      | Killed Folque's ghost
  1582 | D:3      | Reached XP level 5. HP: 46/49 MP: 5/5
  1752 | D:3      | Reached skill level 5 in Long Blades
  2094 | D:3      | Found a sacrificial altar of Ru.
  2131 | D:3      | Reached XP level 6. HP: 21/56 MP: 6/6
  2375 | D:4      | Reached skill level 5 in Shields
  2533 | D:4      | Found a glowing golden altar of the Shining One.
  2755 | D:4      | Reached XP level 7. HP: 24/62 MP: 6/6
  2980 | D:5      | Entered Level 5 of the Dungeon
  2999 | D:5      | HP: 1/62 [iguana (8)]
  3037 | D:5      | Noticed Sigmund
  3063 | D:5      | Killed Sigmund
  3235 | D:5      | Noticed Duvessa
  3236 | D:5      | Noticed Dowan
  3267 | D:5      | Killed Duvessa
  3289 | D:5      | Killed Dowan
  3297 | D:5      | Reached XP level 8. HP: 23/70 MP: 6/6
  3533 | D:5      | Noticed a slime creature
  3551 | D:5      | Killed a slime creature
  3692 | D:5      | Noticed a slime creature
  3692 | D:5      | Noticed a slime creature
  3722 | D:5      | HP: 6/72 [large slime creature (32)]
  3726 | D:5      | HP: 2/72 [large slime creature (31)]
  3733 | D:5      | Killed a large slime creature
  3915 | D:5      | Gained mutation: You passively map the area around you. [Deep Dwarf growth]
  3915 | D:5      | Reached XP level 9. HP: 67/79 MP: 5/5
  3936 | D:5      | Found a staircase to the Ecumenical Temple.
  3942 | Temple   | Entered the Ecumenical Temple
  4085 | Temple   | Became a worshipper of Makhleb the Destroyer
  4316 | D:6      | Reached skill level 1 in Invocations
  4382 | D:6      | Learned a level 2 spell: Swiftness
  4551 | D:6      | Reached skill level 5 in Fighting
  4586 | D:6      | Reached skill level 10 in Long Blades
  4682 | D:6      | Found a runed door.
  4837 | D:6      | Noticed Crazy Yiuf
  4842 | D:6      | Killed Crazy Yiuf
  5097 | D:7      | Reached * piety under Makhleb
  5112 | D:7      | Noticed Pikel
  5129 | D:7      | Killed Pikel
  5790 | D:7      | Found Ewnidd's General Store.
  5796 | D:7      | Bought a potion of lignification for 45 gold pieces
  5796 | D:7      | Bought a potion of degeneration for 15 gold pieces
  6073 | D:8      | Reached XP level 10. HP: 50/92 MP: 8/8
  6194 | D:8      | Found a staircase to the Lair.
  6231 | D:8      | Noticed a two-headed ogre
  6239 | D:8      | Killed a two-headed ogre
  6255 | D:8      | Reached skill level 5 in Invocations
  6698 | D:9      | Noticed Joseph
  6707 | D:9      | Reached ** piety under Makhleb
  6728 | D:9      | Killed Joseph
  6762 | D:9      | Found a shadowy altar of Dithmenos.
  6921 | D:9      | Identified a scroll of acquirement
  7002 | D:9      | Noticed Erica
  7017 | D:9      | Killed Erica
  7017 | D:9      | Reached skill level 10 in Shields
  7107 | D:9      | Found a transporter.
  7107 | D:9      | Noticed a two-headed ogre
  7125 | D:9      | Killed a two-headed ogre
  7321 | D:9      | Found a staircase to the Orcish Mines.
  7358 | D:9      | Reached XP level 11. HP: 90/106 MP: 9/9
  7596 | D:9      | Reached *** piety under Makhleb
  7644 | D:9      | Found a roughly hewn altar of Beogh.
  7645 | D:9      | Noticed an ogre mage
  7670 | D:9      | Killed an ogre mage
  7721 | D:9      | Identified a +1 pair of boots of running (You found it on level 9 of the Dungeon)
  7741 | D:9      | Found a transporter.
  7774 | D:10     | Entered Level 10 of the Dungeon
  8026 | D:10     | Got a scintillating bronze ring
  8027 | D:10     | Identified the ring of Soinex {Wiz rF+ Str+4 Dex+7} (You found it on level 10 of the Dungeon)
  8055 | D:10     | Killed an unseen horror
  8245 | D:10     | Noticed Gastronok
  8258 | D:10     | Killed Gastronok
  8258 | D:10     | Reached skill level 10 in Fighting
  8587 | D:7      | Bought an uncursed amulet of faith for 600 gold pieces
  8911 | D:10     | Reached **** piety under Makhleb
  8974 | D:11     | Noticed Urug
  9010 | D:11     | Killed Urug
  9144 | D:11     | Noticed Nergalle
  9147 | D:11     | Noticed a spectral orc warlord
  9161 | D:11     | Killed Nergalle
  9357 | D:11     | Noticed a death yak
  9357 | D:11     | Noticed a death yak
  9368 | D:11     | Reached skill level 5 in Armour
  9391 | D:11     | Reached XP level 12. HP: 66/116 MP: 12/12
  9658 | D:11     | Reached ***** piety under Makhleb
 10208 | D:11     | Killed a death yak
 10222 | D:11     | Noticed a minotaur
 10241 | D:11     | Killed a minotaur
 10288 | D:11     | Noticed a death yak
 10290 | D:11     | Noticed a minotaur
 10292 | D:11     | Noticed a death yak
 10308 | D:11     | Killed a death yak
 10321 | D:11     | Killed a minotaur
 10327 | D:11     | Killed a death yak
 10515 | D:11     | Killed a death yak
 10606 | D:12     | Noticed miragecloak's ghost (journeyman OpTm)
 10626 | D:12     | Killed miragecloak's ghost
 10908 | D:12     | Noticed Rupert
 10926 | D:12     | Killed Rupert
 10926 | D:12     | Reached skill level 10 in Armour
 10926 | D:12     | Reached XP level 13. HP: 60/123 MP: 12/12
 11039 | D:12     | Noticed Josephine
 11041 | D:12     | Reached skill level 1 in Dodging
 11045 | D:12     | Noticed Sonja
 11052 | D:12     | Killed Josephine
 11158 | D:12     | Killed Sonja
 11158 | D:12     | Reached skill level 10 in Invocations
 11519 | Lair:1   | Entered Level 1 of the Lair of Beasts
 12645 | Lair:2   | Found a staircase to the Shoals.
 12663 | Lair:2   | Reached skill level 15 in Shields
 12979 | Lair:2   | Found a hole to the Spider Nest.
 13298 | Lair:3   | Reached skill level 5 in Dodging
 13341 | Lair:3   | Reached ****** piety under Makhleb
 14248 | Lair:4   | Gained mutation: You resist negative energy. (rN+) [Deep Dwarf growth]
 14248 | Lair:4   | Reached XP level 14. HP: 125/132 MP: 15/15
 14258 | Lair:4   | Reached skill level 1 in Evocations
 14873 | Lair:5   | Found a labyrinth entrance.
 14880 | Lab      | Entered a labyrinth
 15113 | Lab      | Identified Epoopub's Disquisition on Sinister Rituals
 15120 | Lab      | Got a polished helmet
 15131 | Lab      | Identified the +2 helmet of the Raven {rF++ Regen+ Int-2} (You found it in a labyrinth)
 15133 | Lab      | Identified the Guide on Bewitchment
 15177 | Lair:5   | Gained mutation: You possess an exceptional clarity of mind. [potion of mutation]
 15189 | Lair:5   | Learned a level 2 spell: Blink
 15193 | Lair:5   | Learned a level 3 spell: Gell's Gravitas
 15280 | Lair:5   | Found a staircase to the Slime Pits.
 16029 | Lair:6   | Entered Level 6 of the Lair of Beasts
 16224 | Lair:6   | Reached skill level 15 in Invocations
 17230 | Orc:1    | Entered Level 1 of the Orcish Mines
 17289 | Orc:1    | Found Taqel's Magic Scroll Emporium.
 17308 | Orc:1    | Bought a scroll of enchant weapon for 120 gold pieces
 17308 | Orc:1    | Bought a scroll of enchant armour for 120 gold pieces
 17308 | Orc:1    | Bought a scroll of holy word for 120 gold pieces
 17347 | Orc:1    | Found Xoumuun's Jewellery Emporium.
 17356 | Orc:1    | Bought a cursed ring of see invisible for 156 gold pieces
 17377 | Orc:1    | Found Tagokea's Food Boutique.
 17505 | Orc:2    | Entered Level 2 of the Orcish Mines
 17605 | Orc:2    | Found a staircase to the Elven Halls.
 17769 | Orc:2    | Found Ruvarphe's Assorted Antiques.
 17804 | Orc:1    | Found Upuricogy's Magic Scroll Boutique.
 17824 | Orc:1    | Bought a scroll of magic mapping for 49 gold pieces
 17824 | Orc:1    | Bought a scroll of enchant armour for 105 gold pieces
 17824 | Orc:1    | Bought a scroll of enchant armour for 105 gold pieces
 17824 | Orc:1    | Bought a scroll of enchant armour for 105 gold pieces
 17830 | Orc:1    | Found Henwi Mupt's Assorted Antiques.
 17844 | Orc:1    | Bought a moonstone ring for 105 gold pieces
 17844 | Orc:1    | Bought a pair of faintly humming gloves for 199 gold pieces
 17854 | Orc:1    | Identified the cursed -4 pair of gloves "Fuppiodu" {rC++ Int-2 Dex+2 Stlth+} (You bought it in a shop on level 1 of the Orcish Mines)
 18359 | Orc:2    | Found Catetuwo's General Store.
 18360 | Orc:2    | Found Eloruob's Distillery.
 18453 | Orc:2    | Bought a scroll of holy word for 105 gold pieces
 18455 | Orc:2    | Bought a potion of heal wounds for 60 gold pieces
 18511 | Orc:2    | Bought a pair of spiked boots for 190 gold pieces
 18525 | Orc:2    | Identified the +1 pair of boots of the Enchanted Forest {*Drain +Blink rPois MP+9} (You bought it in a shop on level 2 of the Orcish Mines)
 18654 | Orc:2    | Reached XP level 15. HP: 35/140 MP: 18/18
 18715 | Orc:2    | Found Raeso's Book Boutique.
 18715 | Orc:2    | Found Cyushra's Antique Armour Shop.
 18715 | Orc:2    | Found a one-way gate leading to the halls of Pandemonium.
 18729 | Orc:2    | Bought a glowing scarf for 168 gold pieces
 19181 | D:13     | Found Acsobu's Food Boutique.
 19450 | D:13     | Found a gate to the Vaults.
 19883 | D:14     | Noticed Roxanne
 19999 | D:14     | Found a portal to a secret trove of treasure.
 20081 | D:14     | Killed Roxanne
 20082 | D:14     | Identified Roxanne's Incunabulum of Earth (You took it off Roxanne on level 14 of the Dungeon)
 20592 | D:15     | Entered Level 15 of the Dungeon
 20833 | D:15     | Found a staircase to the Depths.
 21123 | D:15     | Noticed Azrael
 21156 | D:15     | Killed Azrael
 21156 | D:15     | Reached XP level 16. HP: 140/156 MP: 16/16
 21597 | Shoals:1 | Entered Level 1 of the Shoals
 23751 | Shoals:4 | Entered Level 4 of the Shoals
 23873 | Shoals:4 | Noticed Polyphemus
 23929 | Shoals:4 | HP: 16/160 [Polyphemus (15)]
 23930 | Shoals:4 | Killed Polyphemus
 23973 | Shoals:4 | Noticed Britaniac's ghost (adept OgFi)
 23989 | Shoals:4 | Killed Britaniac's ghost
 23989 | Shoals:4 | Reached skill level 15 in Fighting
 24045 | Shoals:4 | Identified the ring "Keodigut" {rPois MR+} (You found it on level 4 of the Shoals)
 24134 | Shoals:4 | Noticed Ilsuiw
 24178 | Shoals:4 | HP: 6/163 [merfolk impaler/trident of freezing (14)]
 24179 | Shoals:4 | Slain by a merfolk impaler

Skill      XL: |  1  2  3  4  5  6  7  8  9 10 11 12 13 14 15 16 |
---------------+-------------------------------------------------+-----
Long Blades    | 3 4 5 6 7 9 10 12 14 | 14.0
Shields        | 4 5 7 8 10 12 13 15 | 15.0
Fighting       | 3 4 6 9 10 13 15 | 15.1
Invocations    | 4 6 8 9 12 15 | 15.0
Armour         | 5 10 12 | 12.2
Dodging        | 7 |  7.0
Evocations     | 3 |  3.1

Action                   |  1- 3 |  4- 6 |  7- 9 | 10-12 | 13-15 | 16-18 || total
-------------------------+-------+-------+-------+-------+-------+-------++-------
Melee: Long sword        |   143 |   113 |   463 |   141 |       |       ||   860
       Scimitar          |       |       |       |   694 |  1766 |   570 ||  3030
Throw: Tomahawk          |       |     1 |    15 |     3 |    29 |    13 ||    61
Invok: Lesser Servant of |       |       |       |     6 |     3 |       ||     9
       Greater Servant o |       |       |       |       |     4 |     4 ||     8
       Major Destruction |       |       |       |       |     1 |     1 ||     2
 Abil: Heal Wounds       |     1 |     4 |    20 |    10 |     6 |    10 ||    51
Evoke: Wand              |       |       |     3 |       |       |       ||     3
  Use: Scroll            |     4 |     5 |     4 |     8 |    13 |     3 ||    37
       Potion            |     1 |       |     1 |     2 |     4 |     3 ||    11
 Stab: Petrified         |       |       |       |       |     6 |     7 ||    13
       Distracted        |       |       |       |       |     2 |     5 ||     7
       Petrifying        |       |       |       |       |       |     2 ||     2
  Eat: Chunk             |     1 |     4 |    12 |    18 |    30 |       ||    65
       Fruit             |     1 |       |       |       |    15 |     5 ||    21
Armor: Scale mail        |    57 |    21 |       |       |       |       ||    78
       Chain mail        |       |     8 |   123 |    95 |   426 |   238 ||   890
       Plate armour      |       |       |     3 |   154 |       |       ||   157
Dodge: Dodged            |    41 |    28 |    70 |   113 |   468 |   245 ||   965
Block: Shield            |    82 |    71 |   269 |   537 |  1396 |   579 ||  2934
       Rpst.: Long sword |     9 |     8 |    20 |     2 |       |       ||    39
       Scimitar          |       |       |       |    28 |   118 |    41 ||   187
